 Dungeon Crawl Stone Soup version 0.26-a0-251-gb87c5ff (webtiles) character file.

Game seed: 10250917195785480485

512 Ayyar the Firebug (level 7, -2/67 HPs)
             Began as an Ogre Fire Elementalist on July 8, 2020.
             Slain by a bullfrog (5 damage)
             ... on level 4 of the Dungeon.
             The game lasted 00:16:04 (4566 turns).

Ayyar the Firebug (Ogre Fire Elementalist)          Turns: 4566, Time: 00:16:04

Health: -2/67      AC:  3    Str: 13    XL:     7   Next: 19%
Magic:  5/13       EV: 10    Int: 18    God:
Gold:   169        SH:  0    Dex:  9    Spells: 10/14 levels left

rFire    . . .     SeeInvis .   o - +0 spear
rCold    . . .     Faith    .   (no shield)
rNeg     . . .     Spirit   .   a - +0 robe
rPois    .         Reflect  .   (helmet restricted)
rElec    .         Harm     .   (no cloak)
rCorr    .                      (gloves unavailable)
MR       .....                  (boots unavailable)
Stlth    +.........             (no amulet)
HPRegen  0.21/turn              (no ring)
MPRegen  0.13/turn              (no ring)

@: no status effects
A: large, unfitting armour, tough skin 1
a: no special abilities


You were on level 4 of the Dungeon.
You were not hungry.

You visited 1 branch of the dungeon, and saw 5 of its levels.

You collected 169 gold pieces.

Inventory:

Hand Weapons
 o - a +0 spear (weapon)
Armour
 a - a +0 robe (worn)
Jewellery
 b - a +6 ring of intelligence {unknown}
Scrolls
 g - a scroll of magic mapping {unknown}
 j - 3 scrolls of identify {unknown}
 l - 3 scrolls of teleportation {unknown}
 m - 2 scrolls of random uselessness {unknown}
 p - a scroll of fog {unknown}
 q - 2 scrolls of remove curse {unknown}
 r - 2 scrolls of fear {unknown}
 s - a scroll of enchant weapon {unknown}
Potions
 d - a potion of heal wounds {unknown}
 f - 2 potions of cancellation
 h - a potion of degeneration {unknown}
 i - 2 potions of flight {unknown}
 k - a potion of might
 n - a potion of brilliance {unknown}
Comestibles
 c - 8 rations


   Skills:
 - Level 3.0 Fighting
 - Level 3.0 Dodging
 - Level 1.4 Stealth
 + Level 4.3 Spellcasting
 * Level 3.4 Conjurations
 * Level 4.4 Fire Magic


You had 10 spell levels left.
You knew the following spells:

 Your Spells              Type           Power        Failure   Level
a - Foxfire               Conj/Fire      ###.         2%          1
b - Conjure Flame         Conj/Fire      ###.....     9%          3

Your spell library contained the following spells:

 Spells                   Type           Power        Failure   Level
 Inner Flame              Hex/Fire       ##......     17%         3
 Sticky Flame             Conj/Fire      ###.....     28%         4
 Fireball                 Conj/Fire      ###.......   61%         5


Dungeon Overview and Level Annotations

Branches:
Dungeon (5/15)
 Temple: D:4-7

Altars:
Hepliaklqana
Makhleb
Ru
Trog

Annotations:
D:4 Edmund, Eustachio
D:5 Ijyb


Innate Abilities, Weirdness & Mutations

You are too large for most types of armour.
You have tough skin. (AC +1)


Message History

Level annotation: Edmund, Eustachio Edmund shouts!
Eustachio gestures wildly while chanting.
There is a stone staircase leading down here.
Edmund drinks a potion.
Edmund seems to grow stronger.
Eustachio mumbles some strange words.
Eustachio blinks!
The bullfrog releases a deep croak.
The bullfrog hits you but does no damage.
The orc barely misses you.
The orc hits you with a +2 short sword of protection.
* * * LOW HITPOINT WARNING * * *
The bullfrog misses you.
There is an escape hatch in the ceiling here.
The bullfrog hits you!
* * * LOW HITPOINT WARNING * * *
Edmund hits you but does no damage. The orc barely misses you.
Eustachio says, "Summoning is fun!"
The bullfrog hits you.
You die...

#.........# #.........#
#.........#
#########.........#
#.................#
#.....(......r....#
#...............r.#
#...........@..o@.#######
#............>bF@.......#
#.........############.##
#.........# #.#
#.........# #.#
#.........# #.#
#.........# #.#
#......[..############.#
.......................#
#......(..##############


You could see Edmund (strong), Eustachio, a bullfrog, 2 river rats, an orc and a
bat (summoned).

Vanquished Creatures
  An ice beast (D:5)
  2 phantoms
  A howler monkey (D:4)
  An orc priest (D:4)
  An iguana (D:5)
  An orc wizard (D:4)
  2 worker ants
  2 adders
  2 worms
  2 dart slugs
  2 leopard geckos
  7 orcs
  6 bats
  2 giant cockroaches
  8 goblins
  3 hobgoblins
  5 jackals
  A ball python (D:2)
  A jackal zombie (D:5)
  5 kobolds
  3 rats
58 creatures vanquished.

Vanquished Creatures (others)
  225 foxfires
225 creatures vanquished.

Grand Total: 283 creatures vanquished

Notes
Turn   | Place    | Note
-------+----------+-------------------------------------------
     0 | D:1      | Ayyar the Ogre Fire Elementalist began the quest for the
                  | Orb.
     0 | D:1      | Reached XP level 1. HP: 16/16 MP: 3/3
   308 | D:1      | Reached skill level 1 in Conjurations
   466 | D:1      | Reached XP level 2. HP: 25/26 MP: 3/5
   680 | D:2      | Reached skill level 1 in Fighting
   754 | D:2      | Found a sacrificial altar of Ru.
   952 | D:2      | Reached XP level 3. HP: 31/33 MP: 1/7
  2121 | D:3      | Reached XP level 4. HP: 35/42 MP: 8/8
  2170 | D:3      | Found a hazy altar of Hepliaklqana.
  2573 | D:3      | Found a burning altar of Makhleb.
  2633 | D:4      | Reached XP level 5. HP: 36/50 MP: 2/9
  3310 | D:4      | Noticed Eustachio
  3311 | D:4      | Noticed Edmund
  3311 | D:4      | Noticed a phantom
  3355 | D:4      | Killed a phantom
  3355 | D:4      | Reached XP level 6. HP: 49/61 MP: 1/11
  3679 | D:5      | Entered Level 5 of the Dungeon
  3768 | D:5      | Learned a level 3 spell: Conjure Flame
  3844 | D:5      | HP: 1/61 [worker ant (6)]
  4357 | D:5      | Noticed a phantom
  4378 | D:5      | Killed a phantom
  4476 | D:5      | Noticed an ice beast
  4483 | D:5      | Killed an ice beast
  4483 | D:5      | Reached XP level 7. HP: 67/67 MP: 8/13
  4525 | D:5      | Found a bloodstained altar of Trog.
  4529 | D:5      | Noticed Ijyb
  4536 | D:5      | Paralysed by Ijyb for 5 turns
  4566 | D:4      | HP: 3/67 [bullfrog (8)]
  4566 | D:4      | Slain by a bullfrog

Illustrated notes

Levels and vault maps discovered:
D:1:      evilmike_arrival_plus, layout_loops_cross
D:2:      layout_basic, grunt_decor_resistance, nicolae_ru_sacrificial_ziggurat
D:3:      layout_basic, overflow_temple_1_default, lemuel_doored_altar,
          first_ration
D:4:      layout_basic, led_xom_imps, uniq_eustachio, uniq_edmund
D:5:      layout_rooms, kennysheep_little_box, basic_altar, serial_shops,
          nicolae_shop_trees, tgw_fedhas, uniq_ijyb

Skill      XL: |  1  2  3  4  5  6 |
---------------+-------------------+-----
Conjurations   | 1 2 3 |  3.4
Dodging        | 2 3 |  3.0
Fighting       | 1 2 3 |  3.0
Fire Magic     | 3 4 |  4.4
Spellcasting   | 3 4 |  4.3
Stealth        | |  1.4

Action                   |  1- 3 |  4- 6 |  7- 9 || total
-------------------------+-------+-------+-------++-------
Melee: Unarmed           |     2 |       |       ||     2
       Spear             |    18 |    48 |       ||    66
 Cast: Foxfire           |    53 |    72 |     5 ||   130
       Conjure Flame     |       |     4 |     2 ||     6
  Use: Potion            |       |     4 |       ||     4
 Stab: Sleeping          |       |     2 |       ||     2
  Eat: Ration            |     1 |     2 |     1 ||     4
Armor: Robe              |    16 |     3 |     4 ||    23
Dodge: Dodged            |    34 |    30 |    13 ||    77

Table legend:
 A = Non-vault XP
 B = Vault XP
 C = Vault XP percentage of total XP
 D = Non-vault monster count
 E = Vault monster count
 F = Vault count percentage of total count
                 A         B        C        D         E       F
            +---------+---------+-------+---------+---------+-------
      Total |     732 |       0 |   0.0 |      58 |       0 |   0.0
            +---------+---------+-------+---------+---------+-------
        D:1 |      12 |       0 |   0.0 |       6 |       0 |   0.0
        D:2 |      44 |       0 |   0.0 |      19 |       0 |   0.0
        D:3 |      71 |       0 |   0.0 |      17 |       0 |   0.0
        D:4 |     277 |       0 |   0.0 |       8 |       0 |   0.0
        D:5 |     328 |       0 |   0.0 |       8 |       0 |   0.0
            +---------+---------+-------+---------+---------+-------
